 Dungeon Crawl Stone Soup version 0.27-a0-1196-g3e9cee4 (webtiles) character file.

Game seed: 9723757254467084765

44 ChaosMuffin the Chopper (level 3, -1/29 HPs)
             Began as a Demonspawn Chaos Knight on May 29, 2021.
             Was a Plaything of Xom.
             Slain by Sigmund the spriggan (shapeshifter) (10 damage)
             ... on level 3 of the Dungeon.
             The game lasted 00:08:00 (2276 turns).

ChaosMuffin the Chopper (Demonspawn Chaos Knight)   Turns: 2276, Time: 00:08:00

Health: -1/29      AC:  8    Str: 13    XL:     3   Next: 41%
Magic:  3/3        EV: 11    Int: 13    God:    Xom [.....*]
Gold:   111        SH:  0    Dex: 12    Spells: 2/2 levels left

rFire    . . .     SeeInvis .   a - +0 hand axe (chaos)
rCold    . . .     Faith    .   (no shield)
rNeg     . . .     Spirit   .   b - +2 leather armour
rPois    .         Reflect  .   (no helmet)
rElec    .         Harm     .   (no cloak)
rCorr    .         Rampage  .   (no gloves)
Will     .....                  l - +2 pair of boots
Stlth    +.........             (no amulet)
HPRegen  0.09/turn              (no ring)
MPRegen  0.08/turn              (no ring)

@: cleaving, hasted, very quick
A: demonic magic 1
a: Renounce Religion


You were on level 3 of the Dungeon.
You worshipped Xom.
You were Xom's teddy bear.
You visited 1 branch of the dungeon, and saw 3 of its levels.

You collected 111 gold pieces.

Inventory:

Hand Weapons
 a - a +0 hand axe of chaos (weapon)
Missiles
 n - 5 boomerangs of dispersal (quivered)
Armour
 b - a +2 leather armour (worn)
 l - a +2 pair of boots (worn)
Scrolls
 c - 3 scrolls of teleportation {unknown}
 i - a scroll of identify {unknown}
 j - a scroll of enchant weapon {unknown}
 k - a scroll of immolation {unknown}
 m - a scroll of vulnerability {unknown}
 o - a scroll of noise {unknown}
 q - a scroll of summoning {unknown}
Potions
 d - a potion of curing {unknown}
 e - a potion of cancellation {unknown}
 f - 2 potions of ambrosia {unknown}
 g - 2 potions of resistance {unknown}
 h - a potion of haste {unknown}
 p - a potion of attraction {unknown}


   Skills:
 + Level 3.4 Fighting
 + Level 3.5 Axes
 + Level 1.8 Armour
 + Level 1.2 Dodging


You had 2 spell levels left.
You didn't know any spells.
Your spell library contained the following spells:

 Spells                   Type           Power      Damage    Failure   Level
 Corona                   Hex            0%         N/A       36%         1
 Ensorcelled Hibernation  Hex/Ice        0%         N/A       52%         2
 Confusing Touch          Hex            0%         N/A       75%         3
 Dazzling Flash           Conj/Hex       0%         N/A       75%         3
 Tukima's Dance           Hex            0%         N/A       75%         3


Dungeon Overview and Level Annotations

Branches:
Dungeon (3/15)

Altars:
The Shining One

Annotations:
D:3 Sigmund


Innate Abilities, Weirdness & Mutations

Spells you cast may paralyse adjacent enemies.


Message History

Xom's power touches on your mind for a moment.
Sigmund looks rather confused.
Sigmund seems to be having trouble coordinating all eight of its legs.
You hit Sigmund.
You feel better.
Sigmund is heavily wounded.
You hit Sigmund.
Sigmund is severely wounded.
You catch Sigmund completely off-guard!
You hit Sigmund. Lightning courses through Sigmund!
Sigmund is almost dead.
You hit Sigmund but do no damage.
Sigmund the orb spider changes into a shapeshifter!
Sigmund is severely wounded.
Sigmund the shapeshifter changes into a spriggan!
You hit Sigmund.
Sigmund is lightly wounded.
You hit Sigmund.
Sigmund is moderately wounded.
Sigmund hits you but does no damage.
You hit Sigmund but do no damage.
Sigmund is moderately wounded. "Serve the toy, my child!"
Sigmund hits you.
You hit Sigmund.
Sigmund is heavily wounded.
Sigmund says, "Your kind have come here before.
I understand now why.
You desire death..."
Sigmund hits you but does no damage.
You barely miss Sigmund.
Sigmund is heavily wounded.
Your iron imp completely misses Sigmund.
Sigmund barely misses you.
You hit Sigmund.
Sigmund resists with almost no effort.
Sigmund is severely wounded.
You miss Sigmund.
Sigmund is severely wounded.
Sigmund barely misses you.
Your iron imp misses Sigmund.
You miss Sigmund.
Sigmund is heavily wounded.
Sigmund hits you!
You die...

###### .#....#
#############.#.##.###
#####....@........#.......
........5i.)..............
............†..#### #....
.####.########.#######...#
.. ...............#.... ##
###....#..#.......)#
#.##.#..#........# #
#.#..#......†..
#.#...###.#...#


You could see Sigmund the spriggan shaped shifter (ally target) and a friendly
iron imp (summoned).

Vanquished Creatures
  A worm (D:2)
  4 endoplasms
  5 giant cockroaches
  4 goblins
  4 hobgoblins
  3 jackals (D:1)
  A quokka (D:2)
  4 ball pythons
  A bat (D:1)
  7 frilled lizards
  3 kobolds
  3 rats
40 creatures vanquished.

Vanquished Creatures (others)
  A plant (D:1)
1 creature vanquished.

Grand Total: 41 creatures vanquished

Notes
Turn   | Place    | Note
-------+----------+-------------------------------------------
     0 | D:1      | ChaosMuffin the Demonspawn Chaos Knight began the quest for
                  | the Orb.
     0 | D:1      | Reached XP level 1. HP: 18/18 MP: 1/1
    98 | D:1      | XOM: potion effect (berserk rage)
   104 | D:1      | Gained mutation: Spells you cast may paralyse adjacent
                  | enemies. [demonic ancestry]
   104 | D:1      | Reached XP level 2. HP: 24/24 MP: 2/2
   444 | D:1      | Reached skill level 1 in Dodging
   714 | D:1      | XOM: noise
  1068 | D:2      | XOM: butterfly on damage
  1070 | D:2      | Reached XP level 3. HP: 20/29 MP: 3/3
  1273 | D:2      | XOM: summons 2 hostile demons
  1974 | D:2      | XOM: summons 2 hostile demons
  2231 | D:3      | Noticed Sigmund
  2235 | D:3      | XOM: potion effect (haste)
  2253 | D:3      | Noticed Sigmund
  2253 | D:3      | Sigmund changed into Sigmund the shapeshifter
  2254 | D:3      | XOM: cleaving
  2254 | D:3      | Noticed Sigmund
  2254 | D:3      | Sigmund the shapeshifter changed into Sigmund the orb
                  | spider
  2259 | D:3      | XOM: swap monsters
  2261 | D:3      | XOM: confuse monster(s)
  2268 | D:3      | Noticed Sigmund
  2268 | D:3      | Sigmund the orb spider changed into Sigmund the
                  | shapeshifter
  2268 | D:3      | Noticed Sigmund
  2268 | D:3      | Sigmund the shapeshifter changed into Sigmund the spriggan
  2271 | D:3      | XOM: summons friendly iron imp
  2276 | D:3      | Slain by Sigmund the spriggan (shapeshifter)

Illustrated notes

Levels and vault maps discovered:
D:1:      lemuel_arrival_lava_pool, layout_rooms, serial_forest,
          infiniplex_forest_straight_3, infiniplex_forest_clump_double,
          infiniplex_forest_lined_corner, infiniplex_forest_lined_room_2,
          infiniplex_forest_lined_room_3, infiniplex_forest_clump_tiny,
          infiniplex_forest_lined_room_, infiniplex_forest_lined_room_3,
          minmay_misc_feat_four_crosses
D:2:      layout_loops_corners, basic_altar
D:3:      layout_basic, trog_hazing_becter, ebering_ecumenical_altar_hall,
          uniq_sigmund

Skill      XL: |  1  2 |
---------------+-------+-----
Axes           | 3 |  3.5
Dodging        | 1 |  1.2
Fighting       | |  3.4
Armour         | |  1.8

Action                   || total
-------------------------++-------
Melee: Hand axe          ||   178
Throw: Boomerang         ||     1
 Stab: Petrifying        ||     1
       Confused          ||     1
       Sleeping          ||     1
Armor: Leather armour    ||    56
Dodge: Dodged            ||   108

Table legend: (Time is in decaauts)
 A = Elapsed time spent in this place.
 B = Non-inter-level travel time spent in this place.
 C = Inter-level travel time spent in this place.
 D = Time resting spent in this place.
 E = Time spent auto-exploring this place.
 F = Levels seen in this place.
 G = Mean time per level.
                   A        B        C        D        E       F      G
               +--------+--------+--------+--------+--------+-----+--------+
         Total |   2296 |   2249 |     47 |      2 |   1904 |   3 |  765.3 |
       Dungeon |   2296 |   2249 |     47 |      2 |   1904 |   3 |  765.3 |
               +--------+--------+--------+--------+--------+-----+--------+

Top non-repeatable levels by time:
     D:2: 1338 daAuts
     D:1: 850 daAuts
     D:3: 108 daAuts
